AoeStats
← soyedusrdo1983

Arena

509002094Analyzed
1v1 RM · 8d ago on Sep 25, 2026· 38m 42s· 2 players
Game mode
Random Map
Map size
Tiny (2 player)
Population
200
Speed
Normal
Resources
Standard
Victory
Conquest
Starting age
Dark Age
Ending age
Imperial Age
RankedLock teamsTeams togetherTeam positionsShared explorationLock speedFull tech treeHidden civsTurbo modeCheats
Victory
Defeat
🇨🇱 Chinese · Chile
305
+18
🇦🇷 Portuguese · Argentina
350
-18
pablobass1112
10:46 Feudal Age
13:07 Double-Bit Axe
15:58 Horse Collar
20:52 Castle Age
20:32 Stone Mining
22:05 Heavy Plow
22:18 Bow Saw
25:17 Gold Mining
31:41 Wheelbarrow
31:54 Gold Shaft Mining
34:19 Imperial Age
33:12 Padded Archer Armor
34:33 Fletching
34:59 Leather Archer Armor
34:12 Pikeman
35:20 Squires
35:49 Ballistics
36:51 Bodkin Arrow
37:35 Ring Archer Armor
soyedusrdo1983
4:55 Loom
11:24 Feudal Age
12:04 Double-Bit Axe
20:32 Stone Mining
20:33 Gold Mining
21:20 Scale Barding Armor
21:17 Scale Mail Armor
23:31 Castle Age
25:27 Fervor
25:38 Husbandry
24:59 Light Cavalry
32:32 Bow Saw
39:34 Imperial Age
Connection lost

Rejoining the realm…

Still unreachable

The connection could not be restored.

Session expired

The server has moved on; the page needs a fresh start.